 Dungeon Crawl Stone Soup version 0.19-a0-1183-gcd7e582 (webtiles) character file.

729 Akrasiac the Chucker (level 8, -1/62 HPs)
             Began as a Human Hunter on Aug 17, 2016.
             Slain by Killer1's ghost (10 damage)
             ... on level 5 of the Dungeon on Aug 18, 2016.
             The game lasted 00:09:35 (5637 turns).

Akrasiac the Chucker (Human Hunter)                 Turns: 5637, Time: 00:09:35

Health: -1/62      AC:  6    Str: 15    XL:     8   Next: 3%
Magic:  17/17      EV: 16    Int: 11    God:
Gold:   196        SH:  0    Dex: 19    Spells: 0 memorised, 7 levels left

rFire  . . .     SeeInvis .     a - +0 flail
rCold  . . .     Gourm    .     t - +0 ring mail
rNeg   . . .     Faith    .     (no shield)
rPois  .         Spirit   .     (no helmet)
rElec  .         Dismiss  .     (no cloak)
rCorr  .         Reflect  .     (no gloves)
MR     .....     Harm     .     F - +0 pair of boots
Stlth  ++........               x - amulet of rage
                                (no ring)
                                o - ring of magical power

@: agile, lethally poisoned (-1 -> -6), exhausted, very slightly contaminated,
hasted and slowed, drained
A: no striking features
a: Evoke Berserk Rage


You were on level 5 of the Dungeon.
You were very hungry.

You visited 1 branch of the dungeon, and saw 5 of its levels.

You collected 196 gold pieces.

Inventory:

Hand Weapons
 a - a +0 flail (weapon)
 b - a +0 blowgun
 e - a +0 short sword
 G - a +0 whip
Missiles
 d - 2 throwing nets
 z - 6 javelins (quivered)
 B - 24 poisoned needles
Armour
 c - a +0 leather armour
 t - a +0 ring mail (worn)
 y - a +0 plate armour
 F - a +0 pair of boots (worn)
 H - a +0 chain mail
 K - a +0 cloak
 L - a +0 pair of gloves
Jewellery
 o - a ring of magical power (left hand)
 x - an amulet of rage (around neck)
Scrolls
 j - 2 scrolls of teleportation {unknown}
 l - a scroll of enchant weapon {unknown}
 q - 2 scrolls of identify
 r - 2 scrolls of enchant armour {unknown}
 s - a scroll of amnesia {unknown}
 u - 2 scrolls of noise {unknown}
 v - 4 scrolls of magic mapping {unknown}
 I - a scroll of fog {unknown}
Potions
 g - 2 potions of haste {unknown}
 h - a potion of curing
 k - 2 potions of cancellation {unknown}
 n - 3 potions of heal wounds {unknown}
 w - a potion of magic {unknown}
 C - a potion of mutation {unknown}
 D - a potion of lignification {unknown}
 E - a potion of degeneration
Comestibles
 f - 2 beef jerkies
 i - 3 meat rations
 m - 3 bread rations


   Skills:
 - Level 5.2(4.9) Fighting
   Level 2.0(1.7) Axes
 * Level 7.4(7.0) Throwing
 - Level 2.0(1.7) Dodging
 - Level 1.0(0.7) Stealth


You had 7 spell levels left.
You didn't know any spells.

Dungeon Overview and Level Annotations

Branches:
Dungeon (5/15)
 Temple: D:4-7

Altars:
Sif Muna
Yredelemnul
Zin

Shops:
D:3 *

Annotations:
D:3 exclusion: downstairs
D:4 Sigmund
D:5 1 runed door, Killer1's ghost, novice MiBe


Message History

You feel sick. Killer1's ghost hits you. Killer1's ghost burns you.
You can move again.
You closely miss Killer1's ghost.
Killer1's ghost is severely damaged.
You feel sick. Killer1's ghost hits you.
* * * LOW HITPOINT WARNING * * *
Killer1's ghost freezes you.
* * * LOW HITPOINT WARNING * * *
You closely miss Killer1's ghost.
Killer1's ghost is severely damaged.
You are no longer berserk.
You are exhausted.
You feel as though you will be slow longer.
You are feeling very hungry.
You feel sick. Killer1's ghost hits you.
* * * LOW HITPOINT WARNING * * *
Killer1's ghost freezes you.
* * * LOW HITPOINT WARNING * * *
Killer1's ghost hits you!
You die...

.............W...................
#..#....###.#######.#...#.#######
...#..#.#.#.# ###.#.#.#.#######
##.#........# #...#.#>#<.......
...#......### #.###.#.#########
.###.#....# #.....#.# .###.##.###
###.....# .....##.# ####.#####
..#####.# #@W...# #.## #.#
########.^# #..#
#.####.....#...### ##.##
#......###.#.....# #..#
#.##.#...#.#.....# ##.#
#.##.###.#.##....#
#.###.##..[....##....#
#..##...####.######### ##.##.#.#
#.#


You could see Killer1's ghost.

Vanquished Creatures
  An ogre (D:4)
  A phantom (D:4)
  3 scorpions (D:4)
  A centaur skeleton (D:2)
  3 hounds
  3 orc wizards (D:4)
  A worker ant (D:4)
  A worker ant zombie (D:5)
  7 adders
  3 oozes
  An adder skeleton (D:4)
  2 dart slugs
  5 worms
  2 giant geckos
  10 orcs
  6 bats
  7 giant cockroaches
  5 hobgoblins
  A quokka (D:4)
  A ball python skeleton (D:4)
  6 giant newts
  5 goblins
  6 kobolds
  10 rats
91 creatures vanquished.

Notes
Turn   | Place    | Note
-------+----------+-------------------------------------------
     0 | D:1      | Akrasiac the Human Hunter began the quest for the Orb.
     0 | D:1      | Reached XP level 1. HP: 16/16 MP: 1/1
   140 | D:1      | Reached XP level 2. HP: 16/23 MP: 2/2
   613 | D:1      | Reached XP level 3. HP: 15/29 MP: 3/3
   926 | D:2      | Found a basalt altar of Yredelemnul.
  1431 | D:2      | Reached XP level 4. HP: 25/37 MP: 4/4
  2223 | D:3      | Reached XP level 5. HP: 42/43 MP: 5/5
  2356 | D:3      | Reached skill level 5 in Fighting
  3174 | D:3      | Found Zin's Purification Station.
  3175 | D:3      | Found a glowing silver altar of Zin.
  3478 | D:4      | Reached XP level 6. HP: 36/51 MP: 6/6
  3583 | D:4      | Reached skill level 5 in Throwing
  3900 | D:4      | Reached XP level 7. HP: 47/56 MP: 7/7
  4279 | D:4      | Reached skill level 6 in Throwing
  4347 | D:4      | Noticed Sigmund
  5066 | D:4      | Reached skill level 7 in Throwing
  5143 | D:5      | Entered Level 5 of the Dungeon
  5167 | D:5      | Reached XP level 8. HP: 53/62 MP: 8/8
  5345 | D:5      | Found a deep blue altar of Sif Muna.
  5346 | D:5      | Noticed Killer1's ghost (novice MiBe)
  5480 | D:5      | Found a runed door.
  5630 | D:5      | Paralysed by Killer1's ghost for 6 turns
  5637 | D:5      | Slain by Killer1's ghost

Vault maps used:
D:1:      sevenhm_arrival_forest_fort_small_4
D:2:      yredelemnul_altar_generic, moated_statue, kennysheep_generic_room_14
D:3:      zin_purify, minmay_misc_feat_iff
D:4:      first_bread, uniq_sigmund
D:5:      old_standard_altar, marbit_many_paths, grunt_temple_overflow_diamond,
          uniq_crazy_yiuf_cottage

Skill      XL: |  1  2  3  4  5  6  7 |
---------------+----------------------+-----
Fighting       | 3 4 5 |  5.2
Axes           | 2 |  2.0
Throwing       | 5 7 |  7.4
Dodging        | |  2.0
Stealth        | |  1.0

Action                   |  1- 3 |  4- 6 |  7- 9 || total
-------------------------+-------+-------+-------++-------
Melee: Whip              |   113 |   166 |    41 ||   320
       Short sword       |     1 |    16 |       ||    17
       Hand axe          |       |    11 |       ||    11
       Flail             |       |       |    95 ||    95
 Fire: Blowgun           |       |    21 |    19 ||    40
Throw: Javelin           |     2 |    18 |     3 ||    23
  Use: Scroll            |       |       |     4 ||     4
       Potion            |       |       |     2 ||     2
 Stab: Sleeping          |     2 |       |       ||     2
  Eat: Chunk             |     2 |     8 |     6 ||    16
       Bread ration      |       |     1 |       ||     1
Armor: Leather armour    |    19 |       |       ||    19
       Ring mail         |    11 |    68 |    61 ||   140
Dodge: Dodged            |    81 |   130 |    98 ||   309
